 Dungeon Crawl Stone Soup version 0.29.1-12-g30fa7ad0bf (webtiles) character file.

Game seed: 16337505336827129911

3 sneakypete the Ducker (level 1, 0/16 HPs)
             Began as a Demonspawn Gladiator on Jan 18, 2023.
             Slain by a gnoll
             ... wielding a +0 whip
              (3 damage)
             ... on level 1 of the Dungeon.
             The game lasted 00:03:09 (315 turns).

sneakypete the Ducker (Demonspawn Gladiator)         Turns: 315, Time: 00:03:09

Health: 0/16       AC:  7    Str: 14    XL:     1   Next: 41%
Magic:  1/1        EV: 10    Int:  9    God:
Gold:   0          SH:  0    Dex: 14    Spells: 0/0 levels left

rFire   . . .      SeeInvis .   a - +0 war axe
rCold   . . .      Faith    .   (no shield)
rNeg    . . .      Spirit   .   h - +0 scale mail
rPois   .          Reflect  .   c - +0 helmet
rElec   .          Harm     .   (no cloak)
rCorr   .          Rampage  .   (no gloves)
Will    .....                   (no boots)
Stlth   ..........              (no amulet)
HPRegen 0.05/turn               (no ring)
MPRegen 0.07/turn               (no ring)

@: no status effects
A: no striking features
a: no special abilities


You were on level 1 of the Dungeon.
You visited 1 branch of the dungeon, and saw 1 of its levels.

Inventory:

Hand Weapons
 a - a +0 war axe (weapon)
Missiles
 d - 3 throwing nets (quivered)
 e - a javelin
Armour
 b - a +0 leather armour
 c - a +0 helmet (worn)
 h - a +0 scale mail (worn)
Scrolls
 f - a scroll of identify {unknown}
 i - a scroll of enchant armour {unknown}
Potions
 g - a potion of attraction {unknown}


   Skills:
 + Level 2.0 Fighting
 + Level 2.7 Axes
 + Level 1.7 Throwing
 + Level 2.8 Dodging


You couldn't memorise any spells.
You didn't know any spells.
Your spell library was empty.

Dungeon Overview and Level Annotations

Branches:
Dungeon (1/15)

Altars:


Message History

Keep equipping yourself?
You continue putting on your +0 scale mail.
The frilled lizard closely misses you.
You continue putting on your +0 scale mail.
The frilled lizard barely misses you.
You finish putting on your +0 scale mail.
The frilled lizard bites you but does no damage.
You slash the frilled lizard!
You kill the frilled lizard!
There are no items here.
A ball python comes into view.
The ball python hisses angrily.
You slash the ball python!
You kill the ball python!
You hit the plant.
The plant begins to die.
You see here a ball python corpse.
Found a stone staircase leading down.
A nearby plant withers and dies.
Found an escape hatch in the floor.
Found a leather armour and a hand axe.
Found a scroll labelled WEQOCW VOTAZE.
Found a stone staircase leading down.
i - a scroll labelled WEQOCW VOTAZE Why would you want to do that?
Why would you want to do that?
Found a spear.
You see here a +0 spear.
You see here a +0 leather armour.
You see here a +0 hand axe.
A gnoll comes into view. It is wielding a +0 whip.
The gnoll shouts!
The gnoll hits you with a +0 whip. The gnoll hits you but does no damage.
The gnoll attacks as you move away! The gnoll hits you with a +0 whip.
You barely miss the gnoll. The gnoll hits you with a +0 whip.
You slash the gnoll!
The gnoll is severely wounded.
The gnoll hits you with a +0 whip.
* * * LOW HITPOINT WARNING * * *
The gnoll hits you with a +0 whip.
You die...

.....####...
.....##.... #.
.........# ..
.....##..# .#
)....#...# ##.#
#.###...# #..
........# #.#
.......#######.###
§...>..........g@#
....#.#..........#
§≈≈###########.≈.#
.§≈....# #.§.#
#§≈≈≈≈.### #.§.#
.....≈...#.# #.≈.#
####.≈≈≈§#.# #.≈.#
....§..≈...# #.§§#
.≈§§≈≈.≈≈≈.#


You could see a gnoll.

Vanquished Creatures
  An endoplasm (D:1)
  A ball python (D:1)
  A bat (D:1)
  A frilled lizard (D:1)
4 creatures vanquished.

Vanquished Creatures (others)
  A plant (D:1)
1 creature vanquished.

Grand Total: 5 creatures vanquished

Notes
Turn   | Place    | Note
-------+----------+-------------------------------------------
     0 | D:1      | sneakypete the Demonspawn Gladiator began the quest for the
                  | Orb.
     0 | D:1      | Reached XP level 1. HP: 16/16 MP: 1/1
   315 | D:1      | Slain by a gnoll

Illustrated notes

Levels and vault maps discovered:
D:1:      psy_arrival_radial02, layout_rooms,
          nicolae_concentric_dashed_squares_mild, minmay_misc_feat_tower,
          serial_bayou_ford_a, lemuel_flame_loot_1

Action                   || total
-------------------------++-------
Melee: War axe           ||     8
Armor: Leather armour    ||     7
       Scale mail        ||     2
Dodge: Dodged            ||    14
